 Dungeon Crawl Stone Soup version 0.30-a0-1043-g60ff8d5f49 (webtiles) character file.

Game seed: 13438860451529984904

17 Arcadio the Grave Robber (level 2, -1/19 HPs)
             Began as a Human Necromancer on Apr 9, 2023.
             Slain by a hobgoblin (5 damage)
             ... on level 1 of the Dungeon.
             The game lasted 00:01:47 (710 turns).

Arcadio the Grave Robber (Human Necromancer)         Turns: 710, Time: 00:01:48

Health: -1/19      AC:  2    Str:  8    XL:     2   Next: 80%
Magic:  3/5        EV: 12    Int: 15    God:
Gold:   41         SH:  0    Dex: 13    Spells: 4/5 levels left

rFire   . . .      SeeInvis .    f - +0 dagger
rCold   . . .      Faith    .    (no shield)
rNeg    . . .      Spirit   .    a - +0 robe
rPois   .          Reflect  .    (no helmet)
rElec   .          Rampage  .    (no cloak)
rCorr   .                        (no gloves)
Will    .....                    (no boots)
Stlth   ++                       (no amulet)
HPRegen 0.23/turn                (no ring)
MPRegen 0.09/turn                (no ring)

@: no status effects
A: no striking features
a: no special abilities


You were on level 1 of the Dungeon.
You visited 1 branch of the dungeon, and saw 1 of its levels.

You collected 41 gold pieces.

Inventory:

Hand Weapons
 f - a +0 dagger (weapon)
Armour
 a - a +0 robe (worn)
 e - a +0 chain mail
Scrolls
 g - 3 scrolls of identify {unknown}
 i - a scroll of brand weapon {unknown}
 j - a scroll of acquirement {unknown}
Potions
 b - a potion of magic
 c - a potion of invisibility {unknown}
 d - a potion of degeneration {unknown}
 h - a potion of curing {unknown}


   Skills:
 + Level 2.3 Dodging
 - Level 2.0 Stealth
 + Level 2.3 Spellcasting
 + Level 4.2 Necromancy


You had 4 spell levels left.
You knew the following spells:

 Your Spells              Type           Power      Damage    Failure   Level
a - Necrotise             Necr           56%        1d6       3%          1

Your spell library contained the following spells:

 Spells                   Type           Power      Damage    Failure   Level
 Vampiric Draining        Necr           14%        2d7       11%         3
 Animate Dead             Necr           14%        N/A       36%         4
 Agony                    Necr           14%        N/A       71%         5


Dungeon Overview and Level Annotations

Branches:
Dungeon (1/15) Zot: 5289

Altars:


Message History

Aim: an endoplasm (chance to affect: 84%)
The endoplasm writhes in agony.
The hobgoblin shouts!
The endoplasm barely misses you.
You hit the endoplasm.
The endoplasm is heavily wounded.
The endoplasm freezes you.
You are frozen.
You barely miss the endoplasm.
The endoplasm is heavily wounded.
The endoplasm hits you.
You hit the endoplasm.
The endoplasm is severely wounded.
The endoplasm hits you but does no damage.
You barely miss the endoplasm.
The endoplasm is severely wounded.
The endoplasm freezes you.
You are frozen.
You hit the endoplasm.
You kill the endoplasm!
You hit the hobgoblin.
The hobgoblin is almost dead.
The hobgoblin hits you.
You barely miss the hobgoblin.
The hobgoblin is severely wounded.
The hobgoblin hits you.
* * * LOW HITPOINT WARNING * * *
Casting: Necrotise (safe; 3% risk of failure)
Confirm with . or Enter, or press ? or * to list all spells.
Aiming: Necrotise (safe; 3% risk of failure)
Press: ? - help, Shift-Dir - straight line, f - hobgoblin
Aim: a hobgoblin (severely wounded, chance to affect: 84%)
The hobgoblin writhes in agony.
The hobgoblin barely misses you.
Casting: Necrotise (safe; 3% risk of failure)
Confirm with . or Enter, or press ? or * to list all spells.
Aiming: Necrotise (safe; 3% risk of failure)
Press: ? - help, Shift-Dir - straight line, f/p - hobgoblin
Aim: a hobgoblin (almost dead, chance to affect: 84%)
The hobgoblin barely resists.
The hobgoblin hits you.
You die...

.....#.###..#.#... #...#
###................ #...#
...g..... #..... #...#
#....# #..... #...# #....#
#..... #...# #....##.#
#..... #...#
#.......#.#.....
#...######...#####.#.....
#...'..†@g...............
#...########.#####.#.....
##.## #.#####.#..... #.#
#...........##
####.#################.###
#.......................#
#.......###############.+
#.......# #.##
#.......####### #.#


You could see a hobgoblin.

Vanquished Creatures
  2 ball pythons (D:1)
  3 endoplasms (D:1)
  A hobgoblin (D:1)
  3 jackals (D:1)
  A kobold (D:1)
  A quokka (D:1)
  A bat (D:1)
  A frilled lizard (D:1)
  A rat (D:1)
14 creatures vanquished.

Notes
Turn   | Place    | Note
-------+----------+-------------------------------------------
     0 | D:1      | Arcadio the Human Necromancer began the quest for the Orb.
     0 | D:1      | Reached XP level 1. HP: 13/13 MP: 3/3
   411 | D:1      | Reached XP level 2. HP: 15/19 MP: 1/5
   710 | D:1      | Slain by a hobgoblin

Illustrated notes

Levels and vault maps discovered:
D:1:      co_arrival_random_square_maze, layout_basic, minmay_cupped

Action                     || total
---------------------------++-------
  Melee: Dagger            ||    30
   Cast: Necrotise         ||    16
   Stab: Sleeping          ||     2
 Armour: Robe              ||     6
  Dodge: Dodged            ||    24

Table legend: (Time is in decaauts)
 A = Elapsed time spent in this place.
 B = Non-inter-level travel time spent in this place.
 C = Inter-level travel time spent in this place.
 D = Time resting spent in this place.
 E = Time spent auto-exploring this place.
 F = Levels seen in this place.
 G = Mean time per level.
                   A        B        C        D        E       F      G
               +--------+--------+--------+--------+--------+-----+--------+
         Total |    709 |    709 |      0 |     79 |    443 |   1 |  709.0 |
       Dungeon |    709 |    709 |      0 |     79 |    443 |   1 |  709.0 |
               +--------+--------+--------+--------+--------+-----+--------+

Top non-repeatable levels by time:
     D:1: 709 daAuts
